 Dungeon Crawl Stone Soup version 0.30.1-11-g7821555f0a (webtiles) character file.

Game seed: 8313634328766194192

114 porpoise the Shooter (level 4, -13/27 HPs)
             Began as a Tengu Hunter on Dec 21, 2023.
             Mangled by an ogre
             ... wielding a +0 giant club
              (16 damage)
             ... on level 4 of the Dungeon.
             The game lasted 00:05:38 (1861 turns).

porpoise the Shooter (Tengu Hunter)                 Turns: 1861, Time: 00:05:39

Health: -13/27     AC:  3    Str: 12    XL:     4   Next: 97%
Magic:  5/5        EV: 12    Int:  9    God:
Gold:   92         SH:  0    Dex: 19    Spells: 3/3 levels left

rFire   . . .        a - +0 shortbow
rCold   . . .        (shield currently unavailable)
rNeg    . . .        c - +0 leather armour
rPois   .            (helmet restricted)
rElec   .            (no cloak)
rCorr   .            (no gloves)
SInv    .            (boots unavailable)
Will    +....        (no amulet)
Stlth   ++           e - ring of willpower
HPRegen 0.24/turn    (no ring)
MPRegen 0.09/turn

%: no passive effects
@: no status effects
A: beak, talons 3
a: no special abilities


You were on level 4 of the Dungeon.
You visited 1 branch of the dungeon, and saw 4 of its levels.

You collected 212 gold pieces.
You spent 120 gold pieces at shops.

Inventory:

Hand Weapons
 a - a +0 shortbow (weapon)
 b - a +0 whip of electrocution
Missiles
 h - 2 poisoned darts
Armour
 c - a +0 leather armour (worn)
Jewellery
 e - a ring of willpower (left hand)
Scrolls
 d - a scroll of immolation
Potions
 f - a potion of magic {unknown}
 g - a potion of invisibility {unknown}
 j - a potion of haste


   Skills:
 + Level 2.9 Fighting
 * Level 5.7 Ranged Weapons
 - Level 2.1 Dodging
 + Level 2.4 Stealth


You had 3 spell levels left.
You didn't know any spells.
Your spell library was empty.

Dungeon Overview and Level Annotations

Branches:
Dungeon (4/15)
 Temple: D:4-7

Altars:

Shops:
D:3 *

Annotations:
D:2 Sigmund


Innate Abilities, Weirdness & Mutations

You have a beak for a mouth.
You have claws for feet.


Message History

You shoot an arrow. The arrow hits the goblin.
You kill the goblin!
You shoot an arrow. The arrow hits the dart slug.
The dart slug is moderately wounded.
You shoot an arrow. The arrow hits the dart slug!
You kill the dart slug!
No target in view!
As you read the scroll labelled HIMMAL ORUREA, it crumbles to dust.
The scroll dissolves into smoke.
It was a scroll of fog.
An endoplasm comes into view.
You shoot an arrow. The arrow hits the endoplasm.
The endoplasm is severely wounded.
You shoot an arrow. The arrow hits the endoplasm!
You kill the endoplasm!
No target in view!
An ogre comes into view. It is wielding a +0 giant club.
You shoot an arrow. The arrow hits the ogre.
The ogre shouts!
The ogre is lightly wounded.
You shoot an arrow. The arrow hits the ogre.
The ogre is moderately wounded.
No target in view!
You shoot an arrow.
The arrow hits the ogre but does no damage.
The ogre is moderately wounded.
You shoot an arrow. The arrow hits the ogre!
The ogre is heavily wounded.
The ogre hits you with a +0 giant club!!
Ouch! That really hurt!
* * * LOW HITPOINT WARNING * * *
You are too injured to fight recklessly!
You are too injured to fight recklessly!
Unknown command.
You are too injured to fight recklessly!
You shoot an arrow.
The arrow hits the ogre but does no damage.
The ogre is heavily wounded.
The ogre hits you with a +0 giant club!
Ouch! That really hurt!
You die...

#...........#
#........#
#.....##.##
##....###..## .#
#....## #...###
..####...## ##....#
#..#....# #.#.###
##....§..# #.#...#
#§§...§.#######@.####
##§§§§....##....O##
..§§§§§§......##.#
....§§§§...######.
.....§§#§.## .#
....§§§§§..... ..
#####.)........ #.#
#.....#...# .#
#....###.## ..


You could see an ogre.

Vanquished Creatures
  3 gnolls (D:3)
  An adder (D:2)
  5 dart slugs
  A worm (D:3)
  An orc (D:3)
  5 endoplasms
  2 giant cockroaches
  8 goblins
  6 hobgoblins
  4 jackals
  4 kobolds
  4 quokkas
  3 ball pythons
  3 bats (D:1)
  3 frilled lizards (D:1)
  8 rats
61 creatures vanquished.

Notes
Turn   | Place    | Note
-------+----------+-------------------------------------------
     0 | D:1      | porpoise the Tengu Hunter began the quest for the Orb.
     0 | D:1      | Reached XP level 1. HP: 12/12 MP: 2/2
   140 | D:1      | Reached XP level 2. HP: 17/17 MP: 3/3
   340 | D:1      | Reached XP level 3. HP: 22/22 MP: 4/4
   395 | D:1      | Reached skill level 5 in Ranged Weapons
  1096 | D:2      | Noticed Sigmund
  1203 | D:3      | Found Cizuuz's General Store.
  1320 | D:3      | Reached XP level 4. HP: 27/27 MP: 5/5
  1568 | D:3      | Found a faded altar of an unknown god.
  1760 | D:3      | Bought a potion of haste for 120 gold pieces
  1855 | D:4      | Noticed an ogre
  1861 | D:4      | Mangled by an ogre

Illustrated notes

Levels and vault maps discovered:
D:1:      dpeg_arrival_rhombi, layout_loops_ring
D:2:      layout_basic, uniq_crazy_yiuf_cottage, uniq_sigmund
D:3:      layout_loops_ring, serial_shops, nicolae_shop_tiny_glass,
          chequers_ecumenical_altar_island
D:4:      layout_layer_cave, nicolae_ossuary_entry_catacombs,
          ebering_ghost_reflecting_pool, uniq_eustachio

Skill      XL: |  1  2  3 |
---------------+----------+-----
Ranged Weapons | 5 |  5.7
Stealth        | 2 |  2.4
Fighting       | |  2.9
Dodging        | |  2.1

Action                     |  1- 3 |  4- 6 || total
---------------------------+-------+-------++-------
   Fire: Shortbow          |    93 |    55 ||   148
    Use: Scroll            |       |     1 ||     1
 Armour: Leather armour    |    15 |     2 ||    17
  Dodge: Dodged            |    51 |     7 ||    58
